Dolores, chaotic female human Cavewoman --. --).- |<.). |.... ---h)%. ...@.%- ..)...| -.|^-- --- Dolores the Cavewoman Experience level: 6 Strength: 18 Dexterity: 12 Constitution: 18 Intelligence: 8 Wisdom: 11 Charisma: 9 Health: 0(54) Energy: 24(24) Def: 2 Gold: 99 Moves: 990 Dungeon seed [set]: Game ID: Dolores_1672726878 Your Inventory: Coins $ - 99 gold pieces Amulets f - an uncursed amulet of reflection (being worn) Weapons a - a blessed +2 club (weapon in hand) b - an uncursed +2 sling (alternate weapon; not wielded) Armor q - an uncursed +0 leather armor (being worn) y - an uncursed +0 dwarvish cloak z - an uncursed +0 pair of iron shoes Comestibles d - 3 uncursed food rations Potions j - a cursed potion of hallucination k - an uncursed potion of paralysis u - an uncursed potion of invisibility Rings h - a cursed ring of aggravate monster Wands i - an uncursed wand of cancellation (0:4) p - an uncursed wand of speed monster (0:5) t - an uncursed wand of slow monster (0:4) Tools s - an uncursed +0 pick-axe Gems e - 6 uncursed flints n - 19 uncursed rocks (in quiver) r - an uncursed touchstone Spells and supernatural/magical abilities: Name Level Category Fail Memory W - pray for help -- divine ? -- Your skills at the end: Miscellaneous Skills bare handed combat [Basic] stealth [Skilled] Weapon Skills club [Basic] sling [Basic] Spellcasting Skills Final Attributes: You were piously aligned. You were stealthy. You had reflection. You are dead. Vanquished creatures: 5 gnome lords 2 gnomish wizards a red naga hatchling a guardian naga hatchling a gray ooze a puppy 5 dwarves a giant bat 2 coyotes 2 hobbits a cave spider a yellow mold 19 gnomes 4 jackals 4 newts a grid bug 2 lichens a kobold zombie 54 creatures vanquished. Voluntary challenges: You did not cause conflict. You were not invisible. You were not displaced. You were an atheist. You used a wielded weapon 41 times, starting on turn 249. You did not use tools. You did not use plumbed fixtures. You did not drink any magical draughts. You read items or engraved 2 times, starting on turn 26. You never genocided any monsters. You never polymorphed an object. You never changed form. You used no wishes. You did not use any artifacts. You never split a pudding. You never wrote Elbereth's name. You never violated your personal moral code. Dungeon overview: The Dungeons of Doom: levels 1 to 2 Level 1 a vault a long staircase Level 2 stairs to The Gnomish Mines The Gnomish Mines: levels 3 to 5 Level 3 stairs to The Dungeons of Doom Level 4 Level 5 <- You were here History has recorded: On T:1 you entered the Dungeons of Doom to retrieve the Amulet of Yendor! On T:354 you reached level 2 of The Dungeons of Doom. On T:476 you reached level 1 of The Gnomish Mines. On T:499 you advanced to experience level 2. On T:509 you advanced to experience level 3. On T:541 you advanced to experience level 4. On T:719 you reached level 2 of The Gnomish Mines. On T:722 you advanced to experience level 5. On T:927 you reached level 3 of The Gnomish Mines. On T:948 you advanced to experience level 6. Score breakdown: Gold: 99 ( 9 points) Experience: 6 levels ( 500 points) Exploration: 5 levels ( 120 points) Discoveries: 13 items ( 650 points) Variety of kills: 18 monsters ( 900 points) Major goal: (nothing yet) ( 0 points) Survival: died (score multiplied by 3) Total score: 6537 Latest messages: You are now wielding your sling. a - a blessed +2 club (alternate weapon; not wielded). You are almost hit by a dart. (2x) The rock hits it. You are hit by a stout spear named Spear of Sorrow! The rock hits it. The rock hits it. The rock hits the gnome. You are now wielding your club. b - an uncursed +2 sling (alternate weapon; not wielded). You kill the gnome! The dwarf lord swings his broad pick at you. The dwarf lord hits you! The dwarf lord swings his broad pick at you. The dwarf lord hits you! You die... Final status: Goodbye Dolores the Cavewoman, killed by a dwarf lord... You died in The Gnomish Mines on dungeon level 5 with 6537 points, and 99 pieces of gold, after 990 moves. You were level 6 with a maximum of 54 hit points when you died.